TOP OF THE 1ST |
Missoula Osprey batting - Pitching for Johnson City Cardinals : RHP Austin Akers
|
Pitching: RHP Austin Akers
|
|
Batting: SHB Roger Holmes
|
0-0: Ball 1-0: Called Strike 1-1: Called Strike 1-2: Strikes out looking
|
Batting: RHB Antonio Luisa
|
0-0: Ball 1-0: Ball 2-0: Ball 3-0: Called Strike 3-1: Swinging Strike 3-2: Base on Balls
|
Batting: SHB Evan Armagost
|
0-0: Ball 1-0: Swinging Strike 1-1: Foul Ball, location: 2F 1-2: Ball 2-2: Strikes out looking
|
Batting: SHB Blaine Peters
|
0-0: Foul Ball, location: 2F 0-1: Ball 1-1: Ground out 4-3 (Groundball, 4, EV 84.4 MPH)
|
Top of the 1st over - 0 runs, 0 hits, 0 errors, 1 left on base; Missoula 0 - Johnson City 0 |
BOTTOM OF THE 1ST |
Johnson City Cardinals batting - Pitching for Missoula Osprey : RHP Alex Andrade
|
Pitching: RHP Alex Andrade
|
|
Batting: RHB Fekadu Alhaadi
|
0-0: Ball 1-0: Swinging Strike 1-1: Ball 2-1: Swinging Strike 2-2: Ball 3-2: SINGLE (Groundball, 4MS, EV 72.5 MPH) (infield hit)
|
Batting: RHB Robby Hickman
|
0-0: Ball Fekadu Alhaadi steals 2nd, throwing error, E2 Fekadu Alhaadi to third 1-0: Ball 2-0: Called Strike 2-1: Swinging Strike 2-2: Strikes out looking
|
Batting: LHB Travis Ruppel
|
0-0: Ball 1-0: 2-RUN HOME RUN (Flyball, 7D, EV 99.4 MPH), Distance : 391 ft
|
Batting: LHB Ivan Cortez
|
0-0: Ball 1-0: Ball 2-0: Ball 3-0: Called Strike 3-1: Base on Balls
|
Batting: RHB Kyle Burns
|
0-0: Ball 1-0: Fly out, F9 (Flyball, 9, EV 85.0 MPH)
|
Batting: LHB Jorge Zarazua
|
0-0: Ball 1-0: Ball Ivan Cortez steals 2nd base 2-0: Ball 3-0: Called Strike 3-1: DOUBLE (Line Drive, 5D, EV 98.8 MPH) Ivan Cortez scores
|
Batting: RHB Chris Norris
|
0-0: Called Strike 0-1: Called Strike 0-2: Ball 1-2: Ball 2-2: Ball 3-2: Base on Balls
|
Batting: LHB Keith Rice
|
0-0: Fly out, F3 (Line Drive, 3, EV 76.2 MPH)
|
Bottom of the 1st over - 3 runs, 3 hits, 1 error, 2 left on base; Missoula 0 - Johnson City 3 |
TOP OF THE 2ND |
Missoula Osprey batting - Pitching for Johnson City Cardinals : RHP Austin Akers
|
Batting: RHB Paul Schreiber
|
0-0: Ball 1-0: Swinging Strike 1-1: Foul Ball, location: 2F 1-2: Foul Ball, location: 2F 1-2: Foul Ball, location: 2F 1-2: DOUBLE (Line Drive, 78D, EV 108.8 MPH)
|
Batting: LHB Enrique Ponce
|
0-0: Ball 1-0: Called Strike 1-1: Called Strike 1-2: Ball 2-2: Strikes out swinging
|
Batting: RHB Ernesto Zamora
|
0-0: Swinging Strike 0-1: Reached on error, E6 (Groundball, 6, EV 85.6 MPH) Paul Schreiber to third
|
Batting: SHB Lee Dillon
|
0-0: Ball 1-0: Swinging Strike 1-1: Foul Ball, location: 2F 1-2: Ball 2-2: Strikes out swinging
|
Batting: RHB Zach Espinosa
|
0-0: Ball 1-0: Swinging Strike 1-1: Ball 2-1: Foul Ball, location: 2F 2-2: Strikes out looking
|
Top of the 2nd over - 0 runs, 1 hit, 1 error, 2 left on base; Missoula 0 - Johnson City 3 |
BOTTOM OF THE 2ND |
Johnson City Cardinals batting - Pitching for Missoula Osprey : RHP Alex Andrade
|
Batting: RHB Herbert Loveless
|
0-0: Ball 1-0: Foul Ball, location: 2F 1-1: Called Strike 1-2: SINGLE (Groundball, 34D, EV 98.1 MPH)
|
Batting: RHB Fekadu Alhaadi
|
0-0: Ball 1-0: Swinging Strike 1-1: Foul Ball, location: 2F 1-2: Ball 2-2: Ball 3-2: Strikes out swinging
|
Batting: RHB Robby Hickman
|
0-0: Ball 1-0: Ball 2-0: Ball 3-0: Called Strike 3-1: DOUBLE (Line Drive, 8LD, EV 96.2 MPH) Herbert Loveless to third
|
Batting: LHB Travis Ruppel
|
0-0: Ball 1-0: Ball 2-0: Called Strike 2-1: Ball 3-1: Foul Ball, location: 2F 3-2: Base on Balls
|
Batting: LHB Ivan Cortez
|
0-0: Foul Ball, location: 2F 0-1: Ball 1-1: Fielders Choice at 2nd, 4-6 (Groundball, 4S, EV 83.1 MPH) Herbert Loveless scores Robby Hickman to third
|
Batting: RHB Kyle Burns
|
0-0: Called Strike 0-1: Swinging Strike 0-2: Strikes out looking
|
Bottom of the 2nd over - 1 run, 2 hits, 0 errors, 2 left on base; Missoula 0 - Johnson City 4 |
TOP OF THE 3RD |
Missoula Osprey batting - Pitching for Johnson City Cardinals : RHP Austin Akers
|
Batting: SHB Roger Holmes
|
0-0: Called Strike 0-1: Ball 1-1: Ground out 4-3 (Groundball, 4D, EV 103.1 MPH)
|
Batting: RHB Antonio Luisa
|
0-0: Called Strike 0-1: Ball 1-1: Ball 2-1: DOUBLE (Groundball, 5L, EV 105.0 MPH)
|
Batting: SHB Evan Armagost
|
0-0: Ball Wild Pitch! Antonio Luisa to third 1-0: Swinging Strike 1-1: Foul Ball, location: 2F 1-2: Strikes out swinging
|
Batting: SHB Blaine Peters
|
0-0: Ground out 6-3 (Groundball, 6M, EV 88.1 MPH)
|
Top of the 3rd over - 0 runs, 1 hit, 0 errors, 1 left on base; Missoula 0 - Johnson City 4 |
BOTTOM OF THE 3RD |
Johnson City Cardinals batting - Pitching for Missoula Osprey : RHP Alex Andrade
|
Batting: LHB Jorge Zarazua
|
0-0: Ball 1-0: Ball 2-0: Ball 3-0: Base on Balls
|
Batting: RHB Chris Norris
|
0-0: Called Strike 0-1: Ball 1-1: Ball 2-1: Called Strike 2-2: Ball 3-2: SINGLE (Line Drive, 9LS, EV 93.1 MPH) Jorge Zarazua to second Runner from 2nd tries for 3rd, SAFE, throw by RF made to third
|
Batting: LHB Keith Rice
|
0-0: Ball Chris Norris steals 2nd base 1-0: Ground out 3-1 (Groundball, 34S, EV 80.0 MPH) Jorge Zarazua scores Chris Norris to third
|
Batting: RHB Herbert Loveless
|
0-0: SINGLE (Groundball, 56D, EV 93.8 MPH) Chris Norris scores
|
Pitching: RHP Jeff Whaley
|
|
Batting: RHB Fekadu Alhaadi
|
0-0: Ball 1-0: Called Strike 1-1: Foul Ball, location: 2F 1-2: Foul Ball, location: 2F 1-2: Foul Ball, location: 2F 1-2: Ball 2-2: Fly out, F7 (Flyball, 7, EV 91.9 MPH)
|
Batting: RHB Robby Hickman
|
0-0: Called Strike 0-1: DOUBLE (Line Drive, 89XD, EV 104.4 MPH) Herbert Loveless to third Runner from 3rd tries for Home, SAFE, throw by RF to home
|
Batting: LHB Travis Ruppel
|
0-0: Ball 1-0: SINGLE (Groundball, 6MD, EV 98.8 MPH) Robby Hickman to third Runner from 3rd tries for Home, SAFE, throw by CF to home Travis Ruppel to second
|
Batting: LHB Ivan Cortez
|
0-0: Ball 1-0: Ball 2-0: Called Strike 2-1: Fly out, F8 (Flyball, 8LS, EV 86.2 MPH)
|
Bottom of the 3rd over - 4 runs, 4 hits, 0 errors, 1 left on base; Missoula 0 - Johnson City 8 |
TOP OF THE 4TH |
Missoula Osprey batting - Pitching for Johnson City Cardinals : RHP Austin Akers
|
Batting: RHB Paul Schreiber
|
0-0: Called Strike 0-1: Ball 1-1: SINGLE (Line Drive, 9S, EV 98.1 MPH)
|
Batting: LHB Enrique Ponce
|
0-0: Ball 1-0: Ball 2-0: Ball 3-0: Base on Balls Paul Schreiber to second
|
Batting: RHB Ernesto Zamora
|
0-0: SINGLE (Line Drive, 8RS, EV 101.9 MPH) Paul Schreiber to third Enrique Ponce to second
|
Batting: SHB Lee Dillon
|
0-0: Called Strike 0-1: Ball 1-1: Swinging Strike 1-2: Strikes out swinging
|
Batting: RHB Zach Espinosa
|
0-0: Ball 1-0: Ball 2-0: Called Strike 2-1: Foul Ball, location: 2F 2-2: Foul Ball, location: 2F 2-2: Ball 3-2: Strikes out looking
|
Batting: SHB Roger Holmes
|
0-0: Ball 1-0: GRAND SLAM HOME RUN (Flyball, 9D, EV 96.2 MPH), Distance : 362 ft
|
Batting: RHB Antonio Luisa
|
0-0: Ball 1-0: Ground out 4-3 (Groundball, 4MS, EV 70.0 MPH)
|
Top of the 4th over - 4 runs, 3 hits, 0 errors, 0 left on base; Missoula 4 - Johnson City 8 |
BOTTOM OF THE 4TH |
Johnson City Cardinals batting - Pitching for Missoula Osprey : RHP Jeff Whaley
|
Batting: RHB Kyle Burns
|
0-0: Called Strike 0-1: Foul Ball, location: 2F 0-2: Ball 1-2: Ball 2-2: Fly out, F8 (Flyball, 8RM, EV 72.5 MPH)
|
Batting: LHB Jorge Zarazua
|
0-0: Called Strike 0-1: Ball 1-1: Ball 2-1: Called Strike 2-2: Ball 3-2: Base on Balls
|
Batting: RHB Chris Norris
|
0-0: Ball 1-0: Foul Ball, location: 2F 1-1: Called Strike 1-2: Foul Ball, location: 2F 1-2: Strikes out swinging
|
Batting: LHB Keith Rice
|
0-0: Ground out U3 (Groundball, 34S, EV 81.9 MPH)
|
Bottom of the 4th over - 0 runs, 0 hits, 0 errors, 1 left on base; Missoula 4 - Johnson City 8 |
TOP OF THE 5TH |
Missoula Osprey batting - Pitching for Johnson City Cardinals : RHP Austin Akers
|
Batting: SHB Evan Armagost
|
0-0: SINGLE (Groundball, 34D, EV 105.6 MPH)
|
Batting: SHB Blaine Peters
|
0-0: Ball 1-0: SINGLE (Groundball, 4D, EV 99.4 MPH) Evan Armagost to second Runner from 2nd tries for 3rd, SAFE, throw by CF made to third
|
Batting: RHB Paul Schreiber
|
0-0: SINGLE (Line Drive, 56D, EV 104.4 MPH) Evan Armagost scores Blaine Peters to second Runner from 2nd tries for 3rd, SAFE, throw by LF made to third
|
Batting: LHB Enrique Ponce
|
0-0: Ball 1-0: Ball 2-0: Swinging Strike 2-1: Ball 3-1: Called Strike 3-2: Strikes out swinging
|
Batting: RHB Ernesto Zamora
|
0-0: Called Strike 0-1: Called Strike 0-2: Ball 1-2: Strikes out swinging
|
Batting: SHB Lee Dillon
|
0-0: Ball 1-0: Fielders Choice at 2nd, 5-4 (Groundball, 56D, EV 81.9 MPH)
|
Top of the 5th over - 1 run, 3 hits, 0 errors, 2 left on base; Missoula 5 - Johnson City 8 |
BOTTOM OF THE 5TH |
Johnson City Cardinals batting - Pitching for Missoula Osprey : RHP Jeff Whaley
|
Batting: RHB Herbert Loveless
|
0-0: SINGLE (Line Drive, 78M, EV 108.1 MPH)
|
Batting: RHB Fekadu Alhaadi
|
0-0: Ball 1-0: Ball 2-0: Ball 3-0: Called Strike 3-1: Base on Balls Herbert Loveless to second
|
Batting: RHB Robby Hickman
|
0-0: Foul Ball, location: 2F 0-1: Ball 1-1: SINGLE (Line Drive, 8RS, EV 105.0 MPH) Herbert Loveless to third Fekadu Alhaadi to second
|
Pitching: RHP Jaylen Hatten
|
|
Batting: LHB Travis Ruppel
|
0-0: Ball 1-0: Foul Ball, location: 2F 1-1: Foul Ball, location: 2F 1-2: Ball 2-2: Fly out, F9 (Flyball, 9S, EV 87.5 MPH)
|
Batting: LHB Ivan Cortez
|
0-0: Called Strike 0-1: SINGLE (Groundball, 34D, EV 102.5 MPH) Herbert Loveless scores Fekadu Alhaadi to third Robby Hickman to second Runner from 3rd tries for Home, SAFE, throw by RF to home
|
Batting: RHB Kyle Burns
|
0-0: Swinging Strike 0-1: Ball 1-1: Called Strike 1-2: Grounds into double play, 3-6-3 (Groundball, 34, EV 105.0 MPH)
|
Bottom of the 5th over - 2 runs, 3 hits, 0 errors, 1 left on base; Missoula 5 - Johnson City 10 |
TOP OF THE 6TH |
Missoula Osprey batting - Pitching for Johnson City Cardinals : RHP Austin Akers
|
Batting: RHB Zach Espinosa
|
0-0: Foul Ball, location: 2F 0-1: Ball 1-1: SINGLE (Groundball, 56D, EV 98.1 MPH)
|
Pitching: RHP Mark Rivera
|
|
Batting: SHB Roger Holmes
|
0-0: Ball 1-0: Ball 2-0: Hit by Pitch Zach Espinosa to second
|
Batting: RHB Antonio Luisa
|
0-0: Called Strike 0-1: Swinging Strike 0-2: Foul Ball, location: 2F 0-2: Foul Ball, location: 2F 0-2: Strikes out looking
|
Batting: SHB Evan Armagost
|
0-0: Ball 1-0: Swinging Strike 1-1: Hit by Pitch Zach Espinosa to third Roger Holmes to second
|
Pinch Runner at 1st Nate Spencer:
|
|
Batting: SHB Blaine Peters
|
0-0: Ball 1-0: Ball 2-0: SINGLE (Line Drive, 8LS, EV 97.5 MPH) Zach Espinosa scores Roger Holmes to third Nate Spencer to second
|
Batting: RHB Paul Schreiber
|
0-0: Ball 1-0: Swinging Strike 1-1: Ball 2-1: GRAND SLAM HOME RUN (Flyball, 78XD, EV 98.1 MPH), Distance : 407 ft
|
Pitching: RHP Jeremy Bonita
|
|
Batting: LHB Enrique Ponce
|
0-0: Called Strike 0-1: Ball 1-1: Ball 2-1: Ball 3-1: Swinging Strike 3-2: Foul Ball, location: 2F 3-2: Ground out 4-3 (Groundball, 4, EV 88.8 MPH)
|
Batting: RHB Ernesto Zamora
|
0-0: Ground out 3-1 (Groundball, 13, EV 86.2 MPH)
|
Top of the 6th over - 5 runs, 3 hits, 0 errors, 0 left on base; Missoula 10 - Johnson City 10 |
BOTTOM OF THE 6TH |
Johnson City Cardinals batting - Pitching for Missoula Osprey : RHP Jaylen Hatten
|
Batting: LHB Jorge Zarazua
|
0-0: Ball 1-0: Ball 2-0: Ball 3-0: Base on Balls
|
Batting: RHB Chris Norris
|
0-0: Swinging Strike 0-1: Swinging Strike Passed Ball! Jorge Zarazua to second 0-2: Strikes out swinging
|
Batting: LHB Keith Rice
|
0-0: Ball Passed Ball! Jorge Zarazua to third 1-0: SINGLE (Groundball, 4, EV 94.4 MPH) (infield hit) Jorge Zarazua scores
|
Batting: RHB Herbert Loveless
|
0-0: Ball 1-0: Called Strike 1-1: SINGLE (Groundball, 34D, EV 105.0 MPH) Keith Rice to second Runner from 2nd tries for 3rd, SAFE, no throw by RF
|
Batting: RHB Fekadu Alhaadi
|
0-0: Called Strike 0-1: Ball 1-1: Ball 2-1: Foul Ball, location: 2F 2-2: Fielders Choice at 2nd, 5-4 (Groundball, 56, EV 80.0 MPH) Keith Rice scores
|
Batting: RHB Robby Hickman
|
0-0: Ball 1-0: Foul Ball, location: 2F 1-1: Ball 2-1: Ball Fekadu Alhaadi steals 2nd base 3-1: Swinging Strike 3-2: Strikes out swinging
|
Bottom of the 6th over - 2 runs, 2 hits, 0 errors, 1 left on base; Missoula 10 - Johnson City 12 |
TOP OF THE 7TH |
Missoula Osprey batting - Pitching for Johnson City Cardinals : RHP Jeremy Bonita
|
Batting: SHB Lee Dillon
|
0-0: Ball 1-0: Ball 2-0: Ball 3-0: Base on Balls
|
Batting: RHB Zach Espinosa
|
0-0: Ball 1-0: Ball 2-0: Foul Ball, location: 2F 2-1: Called Strike 2-2: Grounds into double play, 4-6-3 (Groundball, 4M, EV 85.0 MPH)
|
Batting: SHB Roger Holmes
|
0-0: Foul Ball, location: 2F 0-1: Ball 1-1: Foul Ball, location: 2F 1-2: Ball 2-2: Ball 3-2: Ground out 5-3 (Groundball, 56, EV 81.9 MPH)
|
Top of the 7th over - 0 runs, 0 hits, 0 errors, 0 left on base; Missoula 10 - Johnson City 12 |
BOTTOM OF THE 7TH |
Johnson City Cardinals batting - Pitching for Missoula Osprey : RHP Jaylen Hatten
|
Pitching: LHP Jeff Haight
|
|
Batting: LHB Travis Ruppel
|
0-0: Foul Ball, location: 2F 0-1: Swinging Strike 0-2: Ball 1-2: Foul Ball, location: 2F 1-2: Fly out, F7 (Flyball, 78S, EV 90.0 MPH)
|
Batting: LHB Ivan Cortez
|
0-0: Ground out 6-3 (Groundball, 4MS, EV 66.2 MPH)
|
Batting: RHB Kyle Burns
|
0-0: Ball 1-0: Ball 2-0: Called Strike 2-1: Fly out, F7 (Flyball, 78S, EV 93.1 MPH)
|
Bottom of the 7th over - 0 runs, 0 hits, 0 errors, 0 left on base; Missoula 10 - Johnson City 12 |
TOP OF THE 8TH |
Missoula Osprey batting - Pitching for Johnson City Cardinals : RHP Jeremy Bonita
|
Pitching: RHP Ray Strehler
|
|
Batting: RHB Antonio Luisa
|
0-0: Ball 1-0: Ball 2-0: Called Strike 2-1: Ground out 4-3 (Groundball, 34, EV 90.6 MPH)
|
Batting: RHB Nate Spencer
|
0-0: Fly out, F4 (Line Drive, 4, EV 64.4 MPH)
|
Batting: SHB Blaine Peters
|
0-0: Called Strike 0-1: Ball 1-1: Swinging Strike 1-2: Foul Ball, location: 2F 1-2: DOUBLE (Line Drive, 9LM, EV 108.1 MPH)
|
Batting: RHB Paul Schreiber
|
0-0: Ball 1-0: Foul Ball, location: 2F 1-1: Ball 2-1: Ball 3-1: Fly out, F4 (Flyball, 4D, EV 89.4 MPH)
|
Top of the 8th over - 0 runs, 1 hit, 0 errors, 1 left on base; Missoula 10 - Johnson City 12 |
BOTTOM OF THE 8TH |
Johnson City Cardinals batting - Pitching for Missoula Osprey : LHP Jeff Haight
|
Batting: LHB Jorge Zarazua
|
0-0: Called Strike 0-1: Fly out, F8 (Flyball, 8RD, EV 92.5 MPH)
|
Batting: RHB Chris Norris
|
0-0: Ground out 4-3 (Groundball, 4, EV 86.2 MPH)
|
Batting: LHB Keith Rice
|
0-0: Called Strike 0-1: Foul Ball, location: 2F 0-2: Ball 1-2: Ground out 4-3 (Groundball, 4M, EV 82.5 MPH)
|
Bottom of the 8th over - 0 runs, 0 hits, 0 errors, 0 left on base; Missoula 10 - Johnson City 12 |
TOP OF THE 9TH |
Missoula Osprey batting - Pitching for Johnson City Cardinals : RHP Ray Strehler
|
Pitching: LHP Andy Fitzsimmons
|
|
Batting: LHB Enrique Ponce
|
0-0: Ball 1-0: Called Strike 1-1: Ball 2-1: Ball 3-1: Base on Balls
|
Batting: RHB Ernesto Zamora
|
0-0: Ball 1-0: Ball 2-0: Ball Wild Pitch! Enrique Ponce to second 3-0: Called Strike 3-1: Called Strike 3-2: Foul Ball, location: 2F 3-2: SINGLE (Groundball, 56D, EV 101.9 MPH) Enrique Ponce to third
|
Pinch Hitting: RHB Steve Machol
|
0-0: Ball 1-0: 3-RUN HOME RUN (Line Drive, 7D, EV 105.0 MPH), Distance : 399 ft
|
Pitching: LHP Juan Velez
|
|
Batting: RHB Zach Espinosa
|
0-0: Swinging Strike 0-1: Foul Ball, location: 2F 0-2: Ball 1-2: Ball 2-2: Strikes out looking
|
Batting: SHB Roger Holmes
|
0-0: Ball 1-0: Ball 2-0: Called Strike 2-1: Foul Ball, location: 2F 2-2: Fly out, F8 (Flyball, 8LM, EV 88.8 MPH)
|
Batting: RHB Antonio Luisa
|
0-0: Ball 1-0: Foul Ball, location: 2F 1-1: Ball 2-1: Foul Ball, location: 2F 2-2: Foul Ball, location: 2F 2-2: Strikes out looking
|
Top of the 9th over - 3 runs, 2 hits, 0 errors, 0 left on base; Missoula 13 - Johnson City 12 |
BOTTOM OF THE 9TH |
Johnson City Cardinals batting - Pitching for Missoula Osprey : LHP Jeff Haight
|
Now at SS: Steve Machol
|
|
Batting: RHB Herbert Loveless
|
0-0: Ball 1-0: Called Strike 1-1: Ball 2-1: Ball 3-1: Called Strike 3-2: Base on Balls
|
Batting: RHB Fekadu Alhaadi
|
0-0: Bunted foul 0-1: Bunt missed! 0-2: Ball 1-2: Ball 2-2: Ball 3-2: Foul Ball, location: 2F 3-2: Base on Balls Herbert Loveless to second
|
Batting: RHB Robby Hickman
|
0-0: Ball 1-0: Ball 2-0: Foul Ball, location: 2F 2-1: Ball 3-1: Base on Balls Herbert Loveless to third Fekadu Alhaadi to second
|
Batting: LHB Travis Ruppel
|
0-0: Ball 1-0: Ball 2-0: Called Strike 2-1: Ball 3-1: Swinging Strike 3-2: Foul Ball, location: 2F 3-2: Foul Ball, location: 2F 3-2: Base on Balls Herbert Loveless scores Fekadu Alhaadi to third Robby Hickman to second
|
Pinch Hitting: RHB Chris Jones
|
0-0: Ball 1-0: Grounds into double play, 4-2-3 (Groundball, 4, EV 95.6 MPH) Robby Hickman to third Travis Ruppel to second
|
Batting: RHB Kyle Burns
|
0-0: Intentional Walk
|
Batting: LHB Jorge Zarazua
|
0-0: Foul Ball, location: 2F 0-1: Ball 1-1: SINGLE (Groundball, 34D, EV 105.6 MPH) Robby Hickman scores
|
Bottom of the 9th over - 2 runs, 1 hit, 0 errors, 0 left on base; Missoula 13 - Johnson City 14 |
|
Game Over ... Johnson City defeats Missoula, 14 to 13
|
|
|